AoeStats
← blu tack

Nomad

506070381Analyzed
4v4 RM · 20d ago on Sep 12, 2026· 20m 47s· 8 players
Game mode
Random Map
Map size
231×231
Population
200
Speed
Normal
Resources
Standard
Victory
Conquest
Starting age
Dark Age
Ending age
Imperial Age
RankedLock teamsTeams togetherTeam positionsShared explorationLock speedFull tech treeHidden civsTurbo modeCheats
Victory
Defeat
🇭🇰 Berbers · Hong Kong SAR China
1418
+10
🇭🇰 Shu · Hong Kong SAR China
1304
+15
🇦🇺 Spanish · Australia
1248
+16
🇭🇰 Japanese · Hong Kong SAR China
1241
+17
🇻🇳 Persians · Vietnam
1308
-16
🇨🇱 Japanese · Chile
1283
-15
🇫🇷 Gurjaras · France
1265
-14
🇳🇿 Vikings · New Zealand
1242
-13
Junioronga
11:45 Loom
14:18 Feudal Age
20:44 Castle Age
19:36 Double-Bit Axe
19:38 Town Watch
blu tack
6:22 Loom
16:07 Feudal Age
16:39 Double-Bit Axe
20:25 Castle Age
20:40 Fishing Lines
STABYLO
VN_BILL
5:18 Loom
13:18 Feudal Age
17:51 Castle Age
16:30 Double-Bit Axe
16:37 Fletching
16:47 Padded Archer Armor
21:16 Bow Saw
{duress} Lendon
9:36 Loom
14:17 Feudal Age
16:56 Fletching
17:07 Padded Archer Armor
nikoker
14:18 Feudal Age
19:16 Castle Age
20:57 Wheelbarrow
Shadow O.o
9:35 Loom
12:51 Feudal Age
13:22 Double-Bit Axe
23:17 Castle Age
Kingking2014
7:46 Loom
14:57 Feudal Age
16:54 Double-Bit Axe
22:36 Castle Age
Connection lost

Rejoining the realm…

Still unreachable

The connection could not be restored.

Session expired

The server has moved on; the page needs a fresh start.